 Dungeon Crawl Stone Soup version 0.22-a0-580-gd5db89c (webtiles) character file.

504 Amnesiac the Quickloader (level 6, -1/30 HPs)
             Began as a Spriggan Wanderer on July 3, 2018.
             Was an Initiate of Okawaru.
             Slain by an orc
             ... wielding a +0 club
              (4 damage)
             ... on level 4 of the Dungeon.
             The game lasted 00:03:26 (3689 turns).

Amnesiac the Quickloader (Spriggan Wanderer)        Turns: 3689, Time: 00:03:27

Health: -1/30      AC:  2    Str: 12    XL:     6   Next: 96%
Magic:  7/7        EV: 20    Int: 10    God:    Okawaru [......]
Gold:   145        SH:  0    Dex: 17    Spells: 5/5 levels left

rFire    . . .     SeeInvis +   a - +0 dagger (drain)
rCold    . . .     Gourm    .   (shield restricted)
rNeg     . . .     Faith    .   c - +0 robe
rPois    +         Spirit   .   (helmet restricted)
rElec    .         Reflect  .   (no cloak)
rCorr    .         Harm     .   (gloves unavailable)
MR       +....                  (boots unavailable)
Stlth    ++........             (no amulet)
HPRegen  0.10/turn              i - ring of poison resistance
MPRegen  0.10/turn              (no ring)

@: very quick
A: very small, unfitting armour, see invisible, herbivore, speed 3, slow
metabolism 2
a: Renounce Religion


You were on level 4 of the Dungeon.
You worshipped Okawaru.
Okawaru was noncommittal.
You were not hungry.

You visited 1 branch of the dungeon, and saw 4 of its levels.

You collected 145 gold pieces.

Inventory:

Hand Weapons
 a - a +0 dagger of draining (weapon)
 b - a +0 hand crossbow
 w - a +2 mace
Armour
 c - a +0 robe (worn)
Jewellery
 i - a ring of poison resistance (left hand)
Wands
 v - a wand of flame (20)
Scrolls
 m - a scroll of noise {!r, unknown}
 o - 3 scrolls of remove curse {!r, unknown}
 p - 2 scrolls of immolation {!r, unknown}
 q - 5 scrolls of identify {!r, unknown}
 r - a scroll of enchant armour {!r, unknown}
 t - a scroll of teleportation {!r, unknown}
 x - a scroll of fog {!r, unknown}
 y - a scroll of magic mapping {!r, unknown}
 z - a scroll of enchant weapon {!r, unknown}
Potions
 e - 3 potions of curing {!q, unknown}
 g - 3 potions of agility {!q, unknown}
 h - a potion of ambrosia {!q, unknown}
 j - a potion of heal wounds {!q, unknown}
 k - 2 potions of lignification {!q, unknown}
 l - a potion of berserk rage {!q, unknown}
 n - a potion of brilliance {!q, unknown}
 s - 3 potions of degeneration {!q, unknown}
 u - a potion of mutation {!q, unknown}
Comestibles
 f - 8 rations


   Skills:
 - Level 1.0 Fighting
 - Level 1.0 Maces & Flails
 + Level 8.0 Crossbows
 - Level 1.0 Throwing
 - Level 4.4 Dodging
 - Level 1.5 Stealth


You had 5 spell levels left.
You didn't know any spells.
Your spell library was empty.

Dungeon Overview and Level Annotations

Branches:
Dungeon (4/15)             Temple (0/1) D:4

Altars:
Hepliaklqana
Okawaru


Innate Abilities, Weirdness & Mutations

You are very small and have problems with some larger weapons.
You are too small for most types of armour.
You have supernaturally acute eyesight. (SInv)
You are a herbivore.
You cover ground extremely quickly.
You need to consume almost no food.


Message History

Press: ? - help, Shift-Dir - straight line, f - you That would be overly suicidal.
Okay, then.
An orc is nearby!
Firing (i - inventory)
d - 3 bolts (quivered)
Press: ? - help, Shift-Dir - straight line, f - orc
Aim: an orc, wielding a club and wearing a ring mail You shoot a bolt.
The bolt closely misses the orc.
Firing (i - inventory)
d - 2 bolts (quivered)
Press: ? - help, Shift-Dir - straight line, f/p - orc
Aim: an orc, wielding a club and wearing a ring mail You shoot a bolt.
The bolt hits the orc.
The orc is lightly wounded.
Firing (i - inventory)
d - a bolt (quivered)
Press: ? - help, Shift-Dir - straight line, f/p - orc
Aim: an orc, wielding a club and wearing a ring mail (lightly wounded)
You shoot a bolt. The bolt barely misses the orc.
Firing (i - inventory) No suitable missiles.
Press: ? - help, Shift-Dir - straight line, f/p - orc
Aim: an orc, wielding a club and wearing a ring mail (lightly wounded)
Okay, then.
Firing (i - inventory) No suitable missiles.
Press: ? - help, Shift-Dir - straight line, f/p - orc
Aim: an orc, wielding a club and wearing a ring mail (lightly wounded)
Okay, then.
Firing (i - inventory) No suitable missiles.
Press: ? - help, Shift-Dir - straight line, f/p - orc
Aim: an orc, wielding a club and wearing a ring mail (lightly wounded)
Okay, then.
Firing (i - inventory) No suitable missiles.
Press: ? - help, Shift-Dir - straight line, f/p - orc
Aim: an orc, wielding a club and wearing a ring mail (lightly wounded)
Okay, then.
You sense an unholy aura.
a - a +0 dagger of draining (weapon)
The orc closely misses you.
You hit the orc but do no damage. You drain the orc!
The orc is moderately wounded.
An orc priest comes into view. It is wielding a hand axe.
The orc completely misses you.
You completely miss the orc.
The orc is moderately wounded.
The orc completely misses you.
You barely miss the orc.
The orc is moderately wounded.
The orc priest calls down the wrath of Beogh upon you.
Beogh smites you!
* * * LOW HITPOINT WARNING * * *
The orc completely misses you.
You hear a shout!
You are too injured to fight recklessly!
You hit the orc.
The orc is heavily wounded.
An orc comes into view. It is wielding a falchion.
An orc comes into view. It is wielding a vampiric dagger.
You are too injured to fight recklessly!
The orc shouts!
You hit the orc but do no damage. You drain the orc!
The orc is almost dead.
The orc closely misses you.
You hit the orc but do no damage.
The orc is almost dead.
The orc hits you with a club.
You die...

##.# ##..###..## ##o...... #.#
##..## ##..## ##.###.... ##.#
#..## ##..# ##(## ###.. #.##
#..# #..# ##o## ##. .## #..##
#..# ##(## ## ## ##.†## ##..#
#..# # ##..####...###..#
##..##.....##o.#
#......@oo(o>.# ##.....###...##
#....### ##### ##..### ###.##
#...# ##....### ## #######
##.#### #.......###.##
......###.....####............#
####...##...................#..
# ##..##.§§...#########..###


You could see an orc priest and 3 orcs.

Vanquished Creatures
  Sigmund (D:2)
  A black bear (D:4)
  An ogre (D:4)
  A hound (D:4)
  A bullfrog skeleton (D:4)
  A worker ant (D:4)
  Terence (D:2)
  3 adders (D:3)
  An ooze (D:1)
  A worm (D:4)
  2 dart slugs
  A leopard gecko (D:3)
  2 orcs (D:4)
  3 goblins
  7 hobgoblins
  6 jackals
  A quokka (D:2)
  A ball python (D:3)
  6 bats
  2 frilled lizards
  4 kobolds
  2 rats (D:1)
49 creatures vanquished.

Notes
Turn   | Place    | Note
-------+----------+-------------------------------------------
     0 | D:1      | Amnesiac the Spriggan Wanderer began the quest for the Orb.
     0 | D:1      | Amnesiac set off with: a +2 mace, a +0 robe, a +0 hand crossbow, 24 bolts, a ration
     0 | D:1      | Reached XP level 1. HP: 10/10 MP: 2/2
   313 | D:1      | Reached XP level 2. HP: 5/14 MP: 3/3
   739 | D:1      | You fall through a shaft!
   847 | D:2      | Noticed Sigmund
  1226 | D:2      | Reached skill level 4 in Crossbows
  1294 | D:2      | Found a hazy altar of Hepliaklqana.
  1349 | D:2      | Noticed Terence
  1382 | D:2      | Killed Terence
  1382 | D:2      | Reached XP level 3. HP: 5/18 MP: 4/4
  1774 | D:2      | Killed Sigmund
  1774 | D:2      | Reached skill level 6 in Crossbows
  1774 | D:2      | Reached XP level 4. HP: 22/22 MP: 5/5
  1774 | D:2      | Reached XP level 5. HP: 25/25 MP: 6/6
  3003 | D:4      | Noticed a black bear
  3048 | D:4      | Killed a black bear
  3048 | D:4      | Reached skill level 7 in Crossbows
  3048 | D:4      | Reached XP level 6. HP: 9/30 MP: 7/7
  3509 | D:4      | Found an iron altar of Okawaru.
  3527 | D:4      | Became a worshipper of Warmaster Okawaru
  3566 | D:4      | Found a staircase to the Ecumenical Temple.
  3674 | D:4      | Reached skill level 8 in Crossbows
  3689 | D:4      | Slain by an orc

Vault maps used:
D:1:      roderic_dead_forest, minivault_27
D:2:      overflow_temple_1_default, first_ration, grunt_decor_fettered,
          minivault_23, uniq_terence, uniq_sigmund
D:4:      black_bear_nest_1, lemuel_zombie_altar_kikubaaqudgha,
          minmay_temple_entry_purple_smoke, okawaru_trees_2

Skill      XL: |  1  2  3  4  5  6 |
---------------+-------------------+-----
Crossbows      | 4 6 7 8 |  8.0
Fighting       | |  1.0
Maces & Flails | |  1.0
Throwing       | |  1.0
Dodging        | |  4.4
Stealth        | |  1.5

Action                   |  1- 3 |  4- 6 || total
-------------------------+-------+-------++-------
Melee: Mace              |    58 |    76 ||   134
       Dagger            |    21 |    21 ||    42
 Fire: Hand crossbow     |    12 |    37 ||    49
 Stab: Sleeping          |     1 |     5 ||     6
Armor: Robe              |     4 |     8 ||    12
Dodge: Dodged            |    89 |   114 ||   203

Table legend:
 A = Spawn XP
 B = Non-spawn XP
 C = Spawn XP percentage of total XP
 D = Spawn monster count
 E = Non-spawn monster count
 F = Spawn count percentage of total count
 G = Total turns spent on level
                    A         B        C        D         E        F      G
               +---------+---------+-------+---------+---------+-------+---------
         Total |       0 |     721 |   0.0 |       0 |      49 |   0.0 |  3689
               +---------+---------+-------+---------+---------+-------+---------
           D:1 |       0 |      17 |   0.0 |       0 |       7 |   0.0 |   739
           D:2 |       0 |     272 |   0.0 |       0 |      13 |   0.0 |  1081
           D:3 |       0 |      74 |   0.0 |       0 |      21 |   0.0 |  1142
           D:4 |       0 |     358 |   0.0 |       0 |       8 |   0.0 |   727
               +---------+---------+-------+---------+---------+-------+---------
